 Dungeon Crawl Stone Soup version 0.26-a0-812-g31a745ddcd (webtiles) character file.

Game seed: 11046682702816283391

582086 CypherZel the End of an Era (level 27, -4/193 HPs)
             Began as a Gnoll Wanderer on Nov 21, 2020.
             Was the Champion of Qazlal.
             Slain by an azure jelly (6 damage)
             ... created by the Royal Jelly
             ... while paralysed by a floating eye
             ... on level 5 of the Pits of Slime on Nov 22, 2020.
             The game lasted 10:03:46 (102859 turns).

CypherZel the End of an Era (Gnoll Wanderer)      Turns: 102859, Time: 10:03:50

Health: -4/193     AC: 27    Str: 18      XL:     27
Magic:  47/50      EV:  2    Int: 41      God:    Qazlal [******]
Gold:   7132       SH:  0    Dex: 28 (29) Spells: 12/61 levels left

rFire    + + .     SeeInvis .   b - +8 arc blade {discharge, rElec}
rCold    + + +     Faith    +   V - +4 tower shield "Asmosev" {MR++ Str+3 Int+2 Dex+4}
rNeg     + + +     Spirit   .   Q - +5 ring mail of Uskayaw's Hatred {rPois rN++ Dex+2}
rPois    +         Reflect  .   s - +3 hat of Pondering {ponderous, MR+ MP+10 Int+5}
rElec    +         Harm     .   O - +2 cloak {rCorr}
rCorr    +         Rampage  .   c - +2 pair of gloves {archery}
MR       +++++     Rnd*Tele +   t - +1 pair of boots "Zeasmyno" {rPois rC+ Int+3}
Stlth    ++........             L - amulet of Poecvae {Faith *Drain rF++ Dex+8}
HPRegen  0.42/turn              o - ring "Zaecek" {rC+ rN+ Int+7 Dex-3}
MPRegen  0.32/turn              y - ring of wizardry

@: paralysed, protected from cold, repel missiles, slow
A: distributed training, fangs 1, blurry vision 2, deterioration 1, frail 1, low
mp 1, mutation resistance 1, teleportitis 1, strong nose
}: 3/15 runes: decaying, barnacled, silver
a: Upheaval, Elemental Force, Disaster Area, Renounce Religion


You were on level 5 of the Pits of Slime.
You worshipped Qazlal.
Qazlal was exalted by your worship.
You visited 10 branches of the dungeon, and saw 50 of its levels.
You also visited: Ice Cave.

You collected 8767 gold pieces.
You spent 1635 gold pieces at shops.

Inventory:

Hand Weapons
 a - the +12 Vampire's Tooth {vamp}
   (You took it off a fire giant on level 2 of the Depths)

   It inflicts no extra harm, but heals its wielder when it wounds a living foe.
 b - the +8 arc blade (weapon) {discharge, rElec}
   (You took it off an orc on level 4 of the Dungeon)

   It insulates you from electricity.
 i - a +9 sacred scourge of holy wrath
 v - the +11 hunting sling "Jefruoca" {flame, Str+4}
   (You found it on level 5 of the Vaults)

   It causes projectiles fired from it to burn those they strike, causing extra
   injury to most foes and up to half again as much damage against particularly
   susceptible opponents.
   It affects your strength (+4).
Missiles
 p - 1724 bolts
 C - 485 sling bullets
 M - 1543 arrows
Armour
 c - a +2 pair of gloves of archery (worn)
 s - the +3 hat of Pondering (worn) {ponderous, MR+ MP+10 Int+5}
   (You took it off Gastronok on level 1 of the Lair of Beasts)

   It affects your intelligence (+5).
   It affects your resistance to hostile enchantments.
   It affects your magic capacity (+10).
 t - the +1 pair of boots "Zeasmyno" (worn) {rPois rC+ Int+3}
   (You found it on level 1 of the Vaults)

   It affects your intelligence (+3).
   It protects you from cold.
   It protects you from poison.
 D - a +2 pair of boots of flying
 O - a +2 cloak of preservation (worn)
 Q - the +5 ring mail of Uskayaw's Hatred (worn) {rPois rN++ Dex+2}
   (You bought it in a shop on level 2 of the Orcish Mines)

   It affects your dexterity (+2).
   It protects you from poison.
   It greatly protects you from negative energy.
 V - the +4 tower shield "Asmosev" (worn) {MR++ Str+3 Int+2 Dex+4}
   (You acquired it on level 2 of the Depths)

   It affects your strength (+3).
   It affects your intelligence (+2).
   It affects your dexterity (+4).
   It affects your resistance to hostile enchantments.
Jewellery
 n - an uncursed amulet of guardian spirit
 o - the ring "Zaecek" (left hand) {rC+ rN+ Int+7 Dex-3}
   (You found it on level 5 of the Depths)

   [ring of protection from cold]

   It affects your intelligence (+7).
   It affects your dexterity (-3).
   It protects you from cold.
   It protects you from negative energy.
 y - a ring of wizardry (right hand)
 J - an uncursed ring of see invisible
 L - the amulet of Poecvae (around neck) {Faith *Drain rF++ Dex+8}
   (You bought it in a shop on level 1 of the Orcish Mines)

   [amulet of faith]

   It allows you to gain divine favour quickly.
   It affects your dexterity (+8).
   It greatly protects you from fire.
   It causes draining when unequipped.
 S - an uncursed amulet of reflection
 U - the amulet of Democracy {RegenMP Slay+3}
   (You took it off a deep elf death mage on level 3 of the Elven Halls)

   [amulet of magic regeneration]

   It increases your magic regeneration.
   It affects your accuracy and damage with ranged weapons and melee attacks
   (+3).
Wands
 k - a wand of acid (16)
 G - a wand of paralysis (20)
 N - a wand of digging (25)
 X - a wand of polymorph (19)
Scrolls
 f - a scroll of fear
 h - 10 scrolls of amnesia
 l - 3 scrolls of silence
 m - 7 scrolls of teleportation
 u - 27 scrolls of remove curse
 A - 5 scrolls of enchant weapon
 F - 4 scrolls of identify
 I - 4 scrolls of enchant armour
 P - a scroll of holy word
Potions
 g - 10 potions of heal wounds
 j - a potion of haste
 r - a potion of invisibility
 w - 4 potions of ambrosia
 B - 7 potions of cancellation
 E - 5 potions of attraction
 H - 2 potions of berserk rage
 K - 13 potions of curing
 T - 6 potions of resistance
 Z - 5 potions of might
Miscellaneous
 d - a lightning rod (3/4)
 e - a box of beasts
 q - a tin of tremorstones (inert)
 W - a condenser vane (inert)


   Skills:
 + Level 17.4 Fighting
 + Level 17.4 Short Blades
 + Level 17.4 Long Blades
 + Level 17.4 Axes
 + Level 17.8 Maces & Flails
 + Level 17.4 Polearms
 + Level 17.4 Staves
 + Level 17.4 Slings
 + Level 17.4 Bows
 + Level 17.4 Crossbows
 + Level 17.4 Throwing
 + Level 17.5 Armour
 + Level 17.4 Dodging
 + Level 17.4 Stealth
 + Level 17.5 Shields
 + Level 17.4 Unarmed Combat
 + Level 17.5 Spellcasting
 + Level 15.0 Conjurations
 + Level 15.0 Hexes
 + Level 15.0 Summonings
 + Level 15.0 Necromancy
 + Level 15.7 Translocations
 + Level 15.1 Transmutations
 + Level 15.0 Fire Magic
 + Level 15.0 Ice Magic
 + Level 15.0 Air Magic
 + Level 15.0 Earth Magic
 + Level 15.0 Poison Magic
 + Level 18.7 Invocations
 + Level 17.5 Evocations


You had 12 spell levels left.
You knew the following spells:

 Your Spells              Type           Power        Failure   Level
a - Freezing Cloud        Conj/Ice/Air   ########..   1%          6
b - Alistair's Intoxicat  Tmut/Pois      ########.    1%          5
c - Swiftness             Air            ########     0%          2
d - Blink                 Tloc           N/A          0%          2
e - Spellforged Servitor  Conj/Summ      ########..   1%          7
f - Lightning Bolt        Conj/Air       ########..   1%          5
g - Orb of Destruction    Conj           ########..   1%          7
h - Iron Shot             Conj/Erth      ########..   1%          6
i - Confusing Touch       Hex            ########     0%          3
j - Invisibility          Hex            ########     1%          6

Your spell library contained the following spells:

 Spells                   Type           Power        Failure   Level
 Animate Skeleton         Necr           ######       0%          1
 Apportation              Tloc           ######       0%          1
 Corona                   Hex            #######      0%          1
 Freeze                   Ice            ####         0%          1
 Magic Dart               Conj           ####         0%          1
 Pain                     Necr           ####         0%          1
 Shock                    Conj/Air       ####         0%          1
 Summon Small Mammal      Summ           ####         0%          1
 Call Imp                 Summ           ########     0%          2
 Corpse Rot               Necr/Air       N/A          0%          2
 Poisonous Vapours        Pois/Air       ######       0%          2
 Slow                     Hex            ########     0%          2
 Sublimation of Blood     Necr           ########..   0%          2
 Conjure Flame            Conj/Fire      ########     0%          3
 Frozen Ramparts          Ice            ######       0%          3
 Gell's Gravitas          Tloc           ########..   0%          3
 Inner Flame              Hex/Fire       ########     0%          3
 Lesser Beckoning         Tloc           ########..   0%          3
 Mephitic Cloud           Conj/Pois/Air  ########     0%          3
 Ozocubu's Armour         Ice            ########     0%          3
 Portal Projectile        Hex/Tloc       ######       0%          3
 Static Discharge         Conj/Air       ########     0%          3
 Summon Guardian Golem    Hex/Summ       ########     0%          3
 Tukima's Dance           Hex            ########     0%          3
 Vampiric Draining        Necr           ########..   0%          3
 Airstrike                Air            ########..   1%          4
 Animate Dead             Necr           ########..   1%          4
 Cause Fear               Hex            ########..   1%          4
 Hailstorm                Conj/Ice       ########     1%          4
 Ice Form                 Ice/Tmut       ########     1%          4
 Leda's Liquefaction      Hex/Erth       ########..   1%          4
 Olgreb's Toxic Radiance  Pois           ########     1%          4
 Petrify                  Tmut/Erth      ########     1%          4
 Summon Ice Beast         Ice/Summ       ########     1%          4
 Summon Lightning Spire   Summ/Air       ########     1%          4
 Bolt of Magma            Conj/Fire/Erth ########..   1%          5
 Borgnjor's Vile Clutch   Necr/Erth      ########..   1%          5
 Iskenderun's Battlesphe  Conj           ########     1%          5
 Metabolic Englaciation   Hex/Ice        ########..   1%          5
 Silence                  Hex/Air        ########..   1%          5
 Summon Forest            Summ/Tloc      ########..   1%          5
 Yara's Violent Unravell  Hex/Tmut       ########..   1%          5
 Conjure Ball Lightning   Conj/Air       ########..   1%          6
 Death Channel            Necr           ########..   1%          6
 Dispersal                Tloc           ########..   1%          6
 Eringya's Noxious Bog    Tmut/Pois      ########..   1%          6
 Ozocubu's Refrigeration  Ice            ########..   1%          6
 Simulacrum               Ice/Necr       ########..   1%          6
 Discord                  Hex            ########..   16%         8
 Ignition                 Fire           ########..   16%         8
 Shatter                  Erth           ########..   91%         9
 Tornado                  Air            ########..   91%         9


Dungeon Overview and Level Annotations

Branches:
Dungeon (15/15)            Temple (1/1) D:4            Lair (6/6) D:8
  Swamp (4/4) Lair:2       Shoals (4/4) Lair:3        Slime (5/5) Lair:6
    Orc (2/2) D:9             Elf (3/3) Orc:2        Vaults (5/5) D:13
  Crypt (0/3) Vaults:3     Depths (5/5) D:15            Zot (0/5) Depths:5
  IceCv (visited)

Altars:
Ashenzari
Cheibriados
Dithmenos
Elyvilon
Fedhas
Gozag
Hepliaklqana
Kikubaaqudgha
Makhleb
Nemelex Xobeh
Okawaru
Qazlal
Ru
Sif Muna
Trog
Uskayaw
Vehumet
Wu Jian
Xom
Yredelemnul
Zin
The Shining One
Beogh
Jiyva

Shops:
Orc:1 =   Orc:2 !*:[   Elf:1 =   Vaults:1 =   Vaults:2 (

Portals:
Hell: Depths:1 Depths:2 Depths:3 Depths:4 Depths:5
Abyss: Depths:1 Depths:2 Depths:4 Depths:5
Pandemonium: Depths:3 Depths:5
Ziggurat: Depths:3
Trove: D:11 (give +5 ice dragon scales)

Annotations:
Elf:1 6 runed translucent doors
Vaults:1 3 runed translucent doors, Unumoig's ghost, adept DrWn


Innate Abilities, Weirdness & Mutations

Your experience applies equally to all skills.
You have very sharp teeth.
Your uncanny sense of smell can sniff out nearby items.
Scrolls take you longer to read.
Your body sometimes deteriorates upon taking damage.
You are frail. (-10% HP)
Your magical capacity is low. (-10% MP)
You are somewhat resistant to further mutation.
You are occasionally teleported next to monsters.


Message History

The death ooze hits you!
* * * LOW HITPOINT WARNING * * *
The death ooze is engulfed in freezing vapours.
The death ooze hits you!!
* * * LOW HITPOINT WARNING * * *
Your body deteriorates!
You feel clumsy. The death ooze hits you.
* * * LOW HITPOINT WARNING * * *
Your resistance to cold fades away.
You feel protected from physical attacks.
The death ooze hits you!
* * * LOW HITPOINT WARNING * * *
The death ooze hits you but does no damage.
The azure jelly hits you but does no damage.
The azure jelly hits you.
* * * LOW HITPOINT WARNING * * *
The azure jelly freezes you. You resist.
Your resistance to physical damage fades away.
You feel protected from cold.
You die...

#.#..............
##..................#
#
..##................
#.. #................
...
#.................
.J.
###.......J.J.....
..J #.....GJJJG.....
..J ####..GJJJG.....
..J ###JJ@JG..... ...
##JJJ...... ...
#..○§..... ...
#......... ...
##........ ...
##....... ... #......
... ###..# ... #..


You could see 3 acid blobs, 4 azure jellies, 2 great orbs of eyes, a slime
creature, a shining eye, 6 death oozes, an eye of draining and a floating eye
(charged).

Vanquished Creatures
  the Royal Jelly (Slime:5)
  Mara (Vaults:1)
  An ancient lich (Depths:1)
  Mennas (Vaults:4)
  A juggernaut (Depths:4)
  Sojobo (Depths:2)
  Boris (Vaults:5)
  Saint Roka (Vaults:2)
  Bai Suzhen (Depths:1)
  6 caustic shrikes
  The ghost of Vahuasasm the Warrior, a veteran GrGl of Ru (Vaults:4)
  A golden dragon (shapeshifter) (Vaults:5)
  5 golden dragons
  9 liches
  4 tentacled monstrosities
  Asterion (Vaults:1)
  The ghost of Faethron the Warrior, an adept FoFi of Gozag (Swamp:3)
  A deep elf blademaster (Elf:3)
  A titan (Depths:4)
  23 acid blobs
  A deep elf master archer (Elf:3)
  A kraken (Shoals:3)
  Frances (D:14)
  6 sphinxes
  A sphinx (shapeshifter) (Depths:2)
  Gastronok (Lair:1)
  9 storm dragons
  7 shadow dragons
  6 azure jellies
  6 tengu reavers
  A draconian monk (Depths:5)
  3 iron dragons
  4 deep elf sorcerers
  15 fire giants
  13 frost giants
  Aizul (Swamp:4)
  13 vault wardens
  6 deep elf elementalists
  17 stone giants
  The ghost of p0werm0de the Fighter, a journeyman GrFi of Cheibriados (Shoals:4)
  5 ironheart preservers
  5 war gargoyles
  20 very ugly things
  A spriggan defender (Depths:3)
  7 vampire knights
  9 deep elf demonologists
  2 bunyips
  9 deep elf annihilators
  4 black draconians (Depths:5)
  3 yellow draconians (Depths:5)
  12 ettins
  Snorg (D:14)
  6 spark wasps
  2 blizzard demons (IceCv)
  4 death oozes
  5 merfolk javelineers
  3 merfolk impalers
  An eidolon (Vaults:3)
  7 eleionomae
  3 deep elf death magi
  12 fire dragons
  A fire dragon (shapeshifter) (Elf:1)
  A rakshasa (Depths:2)
  3 jiangshi
  6 deep elf high priests
  A shambling mangrove (Swamp:2)
  12 great orbs of eyes
  4 ice dragons
  Erolcha (Orc:1)
  35 vault guards
  21 hydras
  12 yaktaur captains
  Harold (D:7)
  A great orb of eyes (shapeshifter) (Elf:3)
  3 ghost crabs
  6 boulder beetles
  A spriggan air mage (Depths:5)
  3 alligator snapping turtles
  A caustic shrike simulacrum (Depths:4)
  A hell beast (Depths:3)
  A merfolk aquamancer (Shoals:4)
  2 merfolk avatars (Shoals:4)
  11 centaur warriors
  A death yak (Lair:5)
  37 two-headed ogres
  9 alligators
  26 dancing weapons
  10 ogre magi
  4 satyrs
  2 death knights
  7 deep troll shamans
  A spriggan berserker (Depths:5)
  4 tengu warriors
  6 vampire magi
  Urug (Lair:5)
  A sun demon (Depths:3)
  5 orc high priests
  17 deep elf knights
  8 goliath frogs
  2 soul eaters (Depths:3)
  10 deep troll earth magi
  29 hell knights
  A shock serpent (shapeshifter) (Elf:1)
  3 sixfirhies
  Sonja (D:12)
  5 shadow wraiths
  A spark wasp zombie (Depths:3)
  6 iron trolls
  3 spriggan druids
  24 skeletal warriors
  A salamander mystic (Depths:2)
  A storm dragon skeleton (Depths:4)
  4 flayed ghosts
  An unseen horror (shapeshifter) (Vaults:2)
  10 sea snakes
  3 wizards (Vaults:1)
  22 ironbrand convokers
  30 deep trolls
  4 unseen horrors
  2 swamp dragons (shapeshifter) (Vaults:4)
  2 obsidian statues (D:15)
  4 lindwurms
  Pikel (D:8)
  7 bog bodies
  9 glowing orange brains
  3 phantasmal warriors
  16 necromancers
  15 swamp dragons
  A golden dragon skeleton (Depths:1)
  18 deep elf archers
  15 harpies
  26 orc knights
  A sphinx zombie (Depths:4)
  8 shining eyes
  62 deep elf magi
  An oklob plant (Lair:1)
  5 wolf spiders
  An orb spider (shapeshifter) (Depths:2)
  19 ugly things
  3 will-o-the-wisps
  13 manticores
  A tengu skeleton (Vaults:3)
  3 salamanders
  5 orc sorcerers
  6 cyclopes
  2 human zombies (Vaults:3)
  13 vault sentinels
  16 fauns
  2 frost giant zombies
  2 moths of wrath
  An iron dragon skeleton (Depths:1)
  4 nameless horrors
  Joseph (Lair:1)
  5 elephants
  7 black mambas
  A naga mage (Vaults:1)
  2 moths of wrath (shapeshifter)
  7 merfolk sirens
  A black mamba (shapeshifter) (Depths:4)
  3 molten gargoyles (Lair:6)
  An elephant (shapeshifter) (Elf:2)
  3 rust devils
  4 ice statues
  An orange demon (D:15)
  A gargoyle (D:11)
  A torpor snail (Lair:2)
  5 water nymphs
  5 eyes of devastation
  13 cane toads
  5 rime drakes
  2 smoke demons
  A storm dragon simulacrum (Vaults:2)
  6 freezing wraiths
  4 kobold demonologists
  A komodo dragon (shapeshifter) (Elf:1)
  2 anaconda simulacra (IceCv)
  43 yaktaurs
  An elf skeleton (Depths:4)
  A spriggan skeleton (Depths:1)
  3 hellwings
  4 red devils (D:15)
  11 komodo dragons
  12 ice devils
  3 tengu conjurers
  10 meliai
  2 polar bears
  8 hornets
  8 tyrant leeches
  5 trolls
  13 wind drakes
  A jumping spider (shapeshifter) (D:15)
  A queen bee (Lair:5)
  25 blink frogs
  21 merfolk
  A blink frog (shapeshifter) (Depths:4)
  A slime creature (shapeshifter) (Depths:4)
  9 dream sheep
  95 slime creatures
  11 snapping turtles
  2 vampires
  An ettin zombie (Vaults:4)
  3 spriggans
  An air elemental (Elf:3)
  A redback (shapeshifter) (Vaults:4)
  3 dire elephant simulacra (IceCv)
  3 wraiths
  21 water elementals
  31 yaks
  5 basilisks
  4 fire elementals
  7 wyverns
  11 golden eyes
  4 steam dragons
  2 neqoxecs (D:15)
  A harpy simulacrum (IceCv)
  2 iron troll simulacra (IceCv)
  8 vampire mosquitoes
  9 wargs
  3 acid dragons
  14 swamp worms
  7 water moccasins
  4 hell hounds
  A hydra simulacrum (IceCv)
  11 swamp drakes
  2 floating eyes (shapeshifter)
  2 black bears
  A floating eye (Slime:5)
  7 sky beasts
  58 orc warriors
  An ettin simulacrum (IceCv)
  An ice dragon simulacrum (Depths:1)
  3 phantoms
  7 eyes of draining
  4 ice beasts
  28 ogres
  A necrophage (D:6)
  17 boggarts
  25 wolves
  16 centaurs
  A human skeleton (Vaults:4)
  3 lemures (D:8)
  3 big kobolds
  14 bullfrogs
  3 earth elementals
  A gnoll sergeant (D:8)
  A wyvern zombie (D:7)
  A wyvern skeleton (D:15)
  9 scorpions
  33 killer bees
  4 wights (D:9)
  5 electric eels
  A howler monkey (D:5)
  3 centaur zombies
  2 bullfrog zombies
  5 lava snakes (Lair:6)
  4 crimson imps
  3 quasits
  7 centaur skeletons
  6 hounds
  10 jellies
  42 orc priests
  2 bullfrog skeletons
  4 iguanas
  20 orc wizards
  8 worker ants
  A howler monkey zombie (D:2)
  2 worker ant zombies
  16 adders
  4 gnolls
  A river rat (Lair:5)
  3 shadow imps (Depths:3)
  2 white imps (Depths:3)
  2 ufetubi
  10 oozes (Lair:1)
  An adder skeleton (D:8)
  3 worms
  A dart slug (D:1)
  7 leopard geckos
  133 orcs
  5 ball pythons
  5 giant cockroaches
  7 goblins
  7 hobgoblins
  7 jackals
  16 kobolds
  A quokka (D:12)
  10 bats
  7 frilled lizards
  A jackal zombie (D:5)
  5 rats
  3 tentacles (Shoals:3)
2169 creatures vanquished.

Vanquished Creatures (collateral kills)
  An ancient lich (Vaults:4)
  Margery (Vaults:4)
  A golden dragon (Vaults:5)
  A quicksilver dragon (Vaults:4)
  4 acid blobs
  A sphinx (Vaults:3)
  A storm dragon (Vaults:4)
  4 azure jellies
  An azure jelly (shapeshifter) (Vaults:4)
  Donald (Swamp:2)
  An iron dragon (Vaults:4)
  2 vault wardens
  A frost giant (Vaults:4)
  A stone giant (Vaults:3)
  An entropy weaver (shapeshifter) (Vaults:4)
  2 bunyips
  An eleionoma (Swamp:1)
  A merfolk javelineer (Shoals:4)
  2 merfolk impalers (Shoals:4)
  A death ooze (Slime:5)
  2 great orbs of eyes
  3 yaktaur captains
  A vault guard (Vaults:4)
  A hydra (Lair:5)
  2 merfolk avatars (Shoals:4)
  An alligator snapping turtle (Shoals:3)
  An alligator (Swamp:2)
  A two-headed ogre (Vaults:3)
  An orc high priest (Orc:2)
  4 goliath frogs
  3 hell knights (Vaults:4)
  A deep elf knight (Vaults:3)
  A skeletal warrior (Depths:3)
  A sea snake (Shoals:1)
  A spriggan druid (Swamp:1)
  4 bog bodies
  An orc knight (Vaults:2)
  6 harpies
  2 deep elf magi
  5 slime creatures
  3 fauns (Shoals:3)
  A manticore (Shoals:4)
  A moth of wrath (Swamp:3)
  A water nymph (Shoals:3)
  A freezing wraith (Vaults:3)
  2 yaktaurs
  3 tyrant leeches
  A wind drake (Shoals:4)
  3 hornets
  2 merfolk
  4 snapping turtles
  2 dream sheep (Shoals:4)
  A spriggan (shapeshifter) (Vaults:3)
  3 spriggans
  A water elemental (Shoals:4)
  2 vampire mosquitoes
  An orc warrior (Elf:1)
  A swamp drake (Swamp:1)
  A wolf (Lair:1)
  An orc priest (Vaults:3)
  An orc (Vaults:2)
  A plant (Shoals:3)
108 creatures vanquished.

Vanquished Creatures (others)
  A frost giant (Depths:5)
  An ettin (Depths:5)
  A jiangshi (Depths:2)
  3 dancing weapons
  A phantasmal warrior (Vaults:5)
  2 deep elf magi (Elf:2)
  An ugly thing (Depths:2)
  A bloated husk (Swamp:3)
  A hornet (Swamp:3)
  A water elemental (Shoals:4)
  A golden eye (Slime:5)
  A swamp worm (Swamp:3)
  An orc (Elf:1)
  A quokka (D:7)
  12 foxfires
  43 fungi
  174 plants
  13 tentacles
  2 withered plants (Vaults:4)
261 creatures vanquished.

Grand Total: 2538 creatures vanquished

Notes
Turn   | Place    | Note
-------+----------+-------------------------------------------
     0 | D:1      | CypherZel the Gnoll Wanderer began the quest for the Orb.
     0 | D:1      | CypherZel set off with the following items: a +2 mace, a +0
                  | robe; and the following spells available to memorise:
                  | Freeze, Pain, Ozocubu's Armour, Vampiric Draining
     0 | D:1      | Reached XP level 1. HP: 13/13 MP: 4/4
   189 | D:1      | Reached XP level 2. HP: 19/19 MP: 5/5
   960 | D:2      | Reached XP level 3. HP: 23/25 MP: 7/7
  1316 | D:2      | Reached skill level 1 in Invocations
  1591 | D:2      | Reached skill level 1 in Fighting
  1591 | D:2      | Reached skill level 1 in Short Blades
  1591 | D:2      | Reached skill level 1 in Long Blades
  1591 | D:2      | Reached skill level 1 in Axes
  1591 | D:2      | Reached skill level 1 in Polearms
  1591 | D:2      | Reached skill level 1 in Staves
  1591 | D:2      | Reached skill level 1 in Slings
  1591 | D:2      | Reached skill level 1 in Bows
  1591 | D:2      | Reached skill level 1 in Crossbows
  1591 | D:2      | Reached skill level 1 in Throwing
  1591 | D:2      | Reached skill level 1 in Dodging
  1591 | D:2      | Reached skill level 1 in Stealth
  1591 | D:2      | Reached skill level 1 in Unarmed Combat
  1599 | D:2      | Reached XP level 4. HP: 29/32 MP: 8/8
  2333 | D:2      | Reached skill level 1 in Conjurations
  2333 | D:2      | Reached skill level 1 in Hexes
  2333 | D:2      | Reached skill level 1 in Summonings
  2333 | D:2      | Reached skill level 1 in Necromancy
  2333 | D:2      | Reached skill level 1 in Fire Magic
  2333 | D:2      | Reached skill level 1 in Ice Magic
  2333 | D:2      | Reached skill level 1 in Air Magic
  2333 | D:2      | Reached skill level 1 in Earth Magic
  2333 | D:2      | Reached skill level 1 in Poison Magic
  2747 | D:2      | Reached XP level 5. HP: 10/37 MP: 9/9
  3896 | D:3      | Reached skill level 2 in Invocations
  3896 | D:3      | Reached XP level 6. HP: 32/44 MP: 10/10
  4409 | D:3      | Reached skill level 5 in Maces & Flails
  5050 | D:4      | Got a faintly humming chain mail
  5061 | D:4      | Identified the +5 chain mail of the Hall of Blades {-Tele
                  | rC+ rN+ Int+4} (You found it on level 4 of the Dungeon)
  5195 | D:4      | Reached XP level 7. HP: 48/50 MP: 12/12
  5718 | D:4      | Found a staircase to the Ecumenical Temple.
  5858 | Temple   | Entered the Ecumenical Temple
  6033 | Temple   | Became a worshipper of Qazlal Stormbringer
  6125 | D:5      | Entered Level 5 of the Dungeon
  6641 | D:5      | Reached skill level 3 in Invocations
  7024 | D:5      | Reached XP level 8. HP: 46/57 MP: 14/14
  7910 | D:6      | Reached * piety under Qazlal
  7910 | D:6      | Reached skill level 4 in Invocations
  8011 | D:6      | Found a shimmering altar of Xom.
  8078 | D:6      | Reached XP level 9. HP: 46/65 MP: 16/16
  8430 | D:6      | Reached skill level 5 in Spellcasting
  9065 | D:7      | Reached skill level 5 in Armour
  9065 | D:7      | Reached skill level 5 in Shields
  9065 | D:7      | Reached skill level 5 in Evocations
  9288 | D:7      | Reached ** piety under Qazlal
  9419 | D:7      | Reached skill level 5 in Invocations
  9423 | D:7      | Found a white marble altar of Elyvilon.
  9522 | D:7      | Noticed Harold
  9537 | D:7      | Killed Harold
  9537 | D:7      | Reached skill level 5 in Fighting
  9537 | D:7      | Reached skill level 5 in Short Blades
  9537 | D:7      | Reached skill level 5 in Long Blades
  9537 | D:7      | Reached skill level 5 in Axes
  9537 | D:7      | Reached skill level 5 in Polearms
  9537 | D:7      | Reached skill level 5 in Staves
  9537 | D:7      | Reached skill level 5 in Slings
  9537 | D:7      | Reached skill level 5 in Bows
  9537 | D:7      | Reached skill level 5 in Crossbows
  9537 | D:7      | Reached skill level 5 in Throwing
  9537 | D:7      | Reached skill level 5 in Dodging
  9537 | D:7      | Reached skill level 5 in Stealth
  9537 | D:7      | Reached skill level 5 in Unarmed Combat
  9537 | D:7      | Reached XP level 10. HP: 74/74 MP: 18/18
  9712 | D:8      | Noticed Pikel
  9742 | D:8      | Found a staircase to the Lair.
  9852 | D:8      | Killed Pikel
 10489 | Lair:1   | Entered Level 1 of the Lair of Beasts
 10496 | Lair:1   | Noticed an oklob plant
 10499 | Lair:1   | Noticed a cane toad
 10500 | Lair:1   | Killed an oklob plant
 10500 | Lair:1   | Reached skill level 5 in Transmutations
 10500 | Lair:1   | Reached skill level 6 in Invocations
 10596 | D:8      | Killed a cane toad
 10606 | D:8      | Learned a level 1 spell: Animate Skeleton
 10694 | Lair:1   | Noticed Joseph
 10700 | Lair:1   | Noticed a cane toad
 10714 | Lair:1   | Noticed a black mamba
 10730 | Lair:1   | Killed a black mamba
 10748 | Lair:1   | Killed Joseph
 10748 | Lair:1   | Reached XP level 11. HP: 81/81 MP: 20/20
 10774 | Lair:1   | Learned a level 1 spell: Corona
 11226 | Lair:1   | Noticed Gastronok
 11245 | Lair:1   | Killed Gastronok
 11245 | Lair:1   | Reached *** piety under Qazlal
 11245 | Lair:1   | Reached skill level 5 in Conjurations
 11245 | Lair:1   | Reached skill level 5 in Hexes
 11245 | Lair:1   | Reached skill level 5 in Summonings
 11245 | Lair:1   | Reached skill level 5 in Necromancy
 11245 | Lair:1   | Reached skill level 5 in Fire Magic
 11245 | Lair:1   | Reached skill level 5 in Ice Magic
 11245 | Lair:1   | Reached skill level 5 in Air Magic
 11245 | Lair:1   | Reached skill level 5 in Earth Magic
 11245 | Lair:1   | Reached skill level 5 in Poison Magic
 11362 | Lair:1   | Learned a level 2 spell: Swiftness
 12021 | Lair:2   | Reached skill level 7 in Invocations
 12552 | Lair:2   | Noticed a bog body
 12683 | Lair:2   | Killed a bog body
 13111 | Lair:2   | Noticed a bog body
 13292 | Lair:2   | Killed a bog body
 13568 | Lair:2   | Found a staircase to the Swamp.
 13672 | Lair:3   | Found a staircase to the Shoals.
 13674 | Lair:3   | Noticed a seven-headed hydra
 13678 | Lair:3   | Killed a seven-headed hydra
 13678 | Lair:3   | Reached XP level 12. HP: 89/89 MP: 20/23
 14422 | Lair:3   | Noticed a four-headed hydra
 14430 | Lair:3   | Killed a four-headed hydra
 14713 | Lair:3   | Identified Sif Muna's Volume of the Glacier and the Oath
 15141 | Lair:3   | Reached skill level 8 in Invocations
 16969 | Lair:4   | Gained mutation: You are partially covered in thin metallic
                  | scales. (AC +2) [potion of mutation]
 16969 | Lair:4   | Gained mutation: Your mind is acute. (Int +2) [potion of
                  | mutation]
 16969 | Lair:4   | Gained mutation: Scrolls take you a little longer to read.
                  | [potion of mutation]
 16969 | Lair:4   | Gained mutation: You are agile. (Dex +2) [potion of
                  | mutation]
 17626 | Lair:5   | Noticed Urug
 17630 | Lair:5   | Killed Urug
 17630 | Lair:5   | Reached XP level 13. HP: 92/98 MP: 25/25
 18268 | Lair:4   | Reached skill level 9 in Invocations
 18658 | Lair:5   | Lost mutation: You are agile. (Dex +2) [potion of mutation]
 18658 | Lair:5   | Lost mutation: Scrolls take you a little longer to read.
                  | [potion of mutation]
 18658 | Lair:5   | Lost mutation: You are partially covered in thin metallic
                  | scales. (AC +2) [potion of mutation]
 18658 | Lair:5   | Lost mutation: Your mind is acute. (Int +2) [potion of
                  | mutation]
 18658 | Lair:5   | Gained mutation: You are agile. (Dex +2) [potion of
                  | mutation]
 18658 | Lair:5   | Gained mutation: You are resistant to hostile enchantments.
                  | (MR+) [potion of mutation]
 18939 | Lair:5   | Reached **** piety under Qazlal
 20227 | Lair:5   | Learned a level 2 spell: Blink
 20366 | Lair:6   | Entered Level 6 of the Lair of Beasts
 21319 | Lair:5   | Reached XP level 14. HP: 70/106 MP: 27/27
 21499 | Lair:5   | Reached skill level 10 in Maces & Flails
 22101 | Lair:6   | Reached ***** piety under Qazlal
 23057 | Lair:6   | Found a large runed translucent door.
 23057 | Lair:6   | Found a large runed translucent door.
 23146 | Lair:6   | Found a viscous altar of Jiyva.
 23148 | Lair:6   | Found a staircase to the Slime Pits.
 24430 | D:9      | Found a staircase to the Orcish Mines.
 24518 | D:9      | You fall into a shaft and drop 2 floors!
 24603 | D:10     | Entered Level 10 of the Dungeon
 24722 | D:11     | Found a portal to a secret trove of treasure.
 24792 | D:11     | Reached skill level 10 in Invocations
 25533 | Orc:1    | Entered Level 1 of the Orcish Mines
 25533 | Orc:1    | Found Lacsien's Jewellery Boutique.
 25616 | Orc:1    | Noticed Erolcha
 25638 | Orc:1    | Killed Erolcha
 25923 | Orc:1    | Noticed a stone giant
 25994 | Orc:1    | Killed a stone giant
 26160 | Orc:1    | You fall into a shaft and drop 1 floor!
 26160 | Orc:2    | Entered Level 2 of the Orcish Mines
 26218 | Orc:1    | Found a roughly hewn altar of Beogh.
 26255 | Orc:1    | Found a transporter.
 26258 | Orc:1    | Found a transporter.
 26625 | Orc:2    | Found a roughly hewn altar of Beogh.
 27612 | Orc:1    | Learned a level 3 spell: Mephitic Cloud
 28218 | Orc:2    | Reached skill level 10 in Spellcasting
 28263 | Orc:2    | Found a staircase to the Elven Halls.
 28453 | Orc:2    | Reached skill level 10 in Armour
 28453 | Orc:2    | Reached skill level 10 in Shields
 28453 | Orc:2    | Reached skill level 10 in Evocations
 28757 | Orc:2    | Found Ibefaelal's Distillery.
 28758 | Orc:2    | Found Geluquso's Book Shoppe.
 28758 | Orc:2    | Found Seyrooz's Assorted Antiques.
 28759 | Orc:2    | Found Icoim's Antique Armour Shoppe.
 28855 | Orc:1    | Bought the amulet of Poecvae {Faith *Drain rF++ Dex+8} for
                  | 1059 gold pieces
 29030 | Orc:2    | Bought a faintly humming ring mail for 288 gold pieces
 29030 | Orc:2    | Bought a bronze scale mail for 288 gold pieces
 29050 | Orc:2    | Identified the +5 ring mail of Uskayaw's Hatred {rPois rN++
                  | Dex+2} (You bought it in a shop on level 2 of the Orcish
                  | Mines)
 29060 | Orc:2    | Identified the +2 scale mail of the Constellations {rC-
                  | rN+++ Dex+10 Slay-2} (You bought it in a shop on level 2 of
                  | the Orcish Mines)
 29077 | Orc:2    | Learned a level 5 spell: Lightning Bolt
 29273 | Orc:1    | Reached XP level 15. HP: 109/115 MP: 29/29
 31372 | D:12     | Noticed Sonja
 31383 | D:12     | Killed Sonja
 31524 | D:12     | Reached skill level 10 in Translocations
 31952 | D:13     | Reached ****** piety under Qazlal
 32185 | D:13     | Reached skill level 10 in Fighting
 32185 | D:13     | Reached skill level 10 in Short Blades
 32185 | D:13     | Reached skill level 10 in Long Blades
 32185 | D:13     | Reached skill level 10 in Axes
 32185 | D:13     | Reached skill level 10 in Polearms
 32185 | D:13     | Reached skill level 10 in Staves
 32185 | D:13     | Reached skill level 10 in Slings
 32185 | D:13     | Reached skill level 10 in Bows
 32185 | D:13     | Reached skill level 10 in Crossbows
 32185 | D:13     | Reached skill level 10 in Throwing
 32185 | D:13     | Reached skill level 10 in Dodging
 32185 | D:13     | Reached skill level 10 in Stealth
 32185 | D:13     | Reached skill level 10 in Unarmed Combat
 32624 | D:13     | Found a gate to the Vaults.
 33057 | D:14     | Noticed Frances
 33073 | D:14     | Killed Frances
 33073 | D:14     | Reached skill level 11 in Invocations
 33281 | D:14     | Noticed Snorg
 33294 | D:14     | Killed Snorg
 34259 | D:15     | Entered Level 15 of the Dungeon
 34569 | D:15     | Reached XP level 16. HP: 104/123 MP: 30/30
 34724 | D:15     | Gained mutation: Potions are less effective at restoring
                  | your health. [a neqoxec]
 34725 | D:15     | Gained mutation: You are frail. (-10% HP) [a neqoxec]
 36081 | D:15     | Found a staircase to the Depths.
 36224 | D:15     | Found a burning altar of Makhleb.
 36297 | D:15     | Found a burning altar of Makhleb.
 36298 | D:15     | Found the cursed +14 obsidian axe {vorpal, +Fly SInv
                  | *Curse}
 37026 | Shoals:1 | Entered Level 1 of the Shoals
 37134 | Shoals:1 | Found a frozen archway.
 37153 | IceCv    | Entered an ice cave
 38064 | IceCv    | HP: 2/112 [eight-headed hydra simulacrum (24)]
 40013 | Shoals:2 | Reached skill level 12 in Invocations
 41071 | Shoals:2 | Reached XP level 17. HP: 87/117 MP: 32/32
 41911 | Shoals:4 | Entered Level 4 of the Shoals
 41937 | Shoals:4 | HP: 2/117 [wind drake/the air (12)]
 43192 | Shoals:2 | Learned a level 4 spell: Summon Ice Beast
 43386 | Shoals:3 | Reached skill level 10 in Transmutations
 43697 | Shoals:1 | Got a dazzling leather armour
 43698 | Shoals:1 | Identified the +3 leather armour of the Unbroken {rElec}
                  | (You found it on level 1 of the Shoals)
 43755 | Shoals:3 | Lost mutation: You are frail. (-10% HP) [potion of
                  | mutation]
 43755 | Shoals:3 | Lost mutation: You are agile. (Dex +2) [potion of mutation]
 43755 | Shoals:3 | Gained mutation: Your body sometimes deteriorates upon
                  | taking damage. [potion of mutation]
 43755 | Shoals:3 | Lost mutation: Your body sometimes deteriorates upon taking
                  | damage. [potion of mutation]
 43755 | Shoals:3 | Gained mutation: Scrolls take you a little longer to read.
                  | [potion of mutation]
 43755 | Shoals:3 | Gained mutation: You are somewhat resistant to further
                  | mutation. [potion of mutation]
 44080 | Shoals:3 | Noticed a kraken
 44094 | Shoals:3 | Killed a kraken
 44373 | Shoals:4 | Noticed p0werm0de's ghost (journeyman GrFi)
 44949 | Shoals:4 | Learned a level 4 spell: Hailstorm
 44999 | Shoals:4 | Found a transporter.
 45370 | Shoals:4 | Reached skill level 10 in Conjurations
 45370 | Shoals:4 | Reached skill level 10 in Hexes
 45370 | Shoals:4 | Reached skill level 10 in Summonings
 45370 | Shoals:4 | Reached skill level 10 in Necromancy
 45370 | Shoals:4 | Reached skill level 10 in Fire Magic
 45370 | Shoals:4 | Reached skill level 10 in Ice Magic
 45370 | Shoals:4 | Reached skill level 10 in Air Magic
 45370 | Shoals:4 | Reached skill level 10 in Earth Magic
 45370 | Shoals:4 | Reached skill level 10 in Poison Magic
 45371 | Shoals:4 | Found a transporter.
 45826 | Shoals:4 | Got a barnacled rune of Zot
 46167 | Swamp:1  | Entered Level 1 of the Swamp
 46977 | Swamp:2  | Noticed Donald
 47019 | Swamp:2  | Killed Donald
 47020 | Swamp:2  | Reached XP level 18. HP: 96/140 MP: 21/34
 48010 | Swamp:3  | Found a transporter.
 48901 | Swamp:2  | Reached skill level 13 in Invocations
 49512 | Swamp:3  | Noticed Faethron's ghost (adept FoFi)
 49671 | Swamp:3  | Found a broken altar of Ashenzari.
 49723 | Swamp:3  | Found a transporter.
 50041 | Swamp:4  | Entered Level 4 of the Swamp
 50551 | Swamp:4  | Learned a level 3 spell: Confusing Touch
 51167 | Swamp:4  | Noticed Aizul
 51408 | Swamp:4  | Killed Aizul
 51745 | Swamp:4  | Got a decaying rune of Zot
 52347 | Depths:1 | Entered Level 1 of the Depths
 53058 | Depths:1 | Reached XP level 19. HP: 147/147 MP: 35/35
 53885 | Depths:1 | Found a one-way gate to the infinite horrors of the Abyss.
 54392 | Depths:1 | Found a gateway to Hell.
 54600 | Depths:2 | Noticed Sojobo
 54618 | Depths:2 | Killed Sojobo
 55014 | Depths:2 | Noticed Bai Suzhen
 55618 | Depths:1 | Killed Bai Suzhen
 56274 | Depths:2 | Reached skill level 14 in Invocations
 56382 | Depths:2 | Noticed a golden dragon
 56747 | Depths:2 | Killed a golden dragon
 57609 | Depths:2 | Got an ichor-stained shortbow
 57612 | Depths:2 | Identified 3 scrolls of acquirement
 57614 | Depths:2 | Identified the +4 shortbow of Integrity {freeze, rPois
                  | rF++} (You found it on level 2 of the Depths)
 57644 | Depths:2 | Acquired a +2 pair of boots of flying
 57669 | Depths:2 | Acquired 407 gold pieces
 57674 | Depths:2 | Acquired the +4 tower shield "Asmosev" {MR++ Str+3 Int+2
                  | Dex+4}
 58468 | Depths:3 | Reached XP level 20. HP: 156/156 MP: 37/37
 58479 | Depths:3 | Found a one-way gate leading to the halls of Pandemonium.
 58734 | Depths:3 | Found a gateway to a ziggurat.
 59468 | Depths:3 | Noticed an ancient lich
 59988 | Depths:2 | Noticed a Tzitzimitl
 60015 | Depths:1 | Killed an ancient lich
 60873 | Depths:3 | Identified the +9 long sword of the Glowing Wolf {vamp,
                  | rPois rF- rN++ Dex+5}
 61192 | Depths:3 | Noticed a lich
 61193 | Depths:3 | Noticed a golden dragon
 61557 | Depths:3 | Killed a lich
 61878 | Depths:2 | Killed a golden dragon
 61950 | Depths:3 | Identified Buikud's Reference Book on Sinister Secrets
 62215 | Depths:3 | Reached XP level 21. HP: 141/164 MP: 39/39
 62475 | Depths:3 | Got a faintly glowing robe
 62478 | Depths:3 | Identified the +0 robe of Integrity {rF- rCorr MP+9 Dex-4}
                  | (You found it on level 3 of the Depths)
 63853 | Depths:3 | Reached skill level 15 in Invocations
 66067 | Depths:4 | Noticed a juggernaut
 66122 | Depths:4 | Killed a juggernaut
 66474 | Depths:4 | Noticed a caustic shrike
 66479 | Depths:4 | Killed a caustic shrike
 66709 | Depths:4 | Got a heavily runed scale mail
 66896 | Depths:4 | Identified the +1 scale mail "Naca Rupn" {rPois rN+} (You
                  | found it on level 4 of the Depths)
 66975 | Depths:4 | Got a bloodstained hand axe
 66978 | Depths:4 | Identified the +4 hand axe of the Shining Light {vorpal,
                  | Str+9 Dex+5 Stlth-} (You found it on level 4 of the Depths)
 67386 | Depths:5 | Entered Level 5 of the Depths
 67423 | Depths:5 | Reached XP level 22. HP: 171/173 MP: 40/40
 67554 | Depths:5 | Got a smoking brass ring
 67559 | Depths:5 | Identified the ring "Zaecek" {rC+ rN+ Int+7 Dex-3} (You
                  | found it on level 5 of the Depths)
 67572 | Depths:5 | Learned a level 6 spell: Freezing Cloud
 67883 | Depths:5 | Noticed a caustic shrike
 67884 | Depths:5 | Noticed a caustic shrike
 67885 | Depths:5 | Noticed a caustic shrike
 67885 | Depths:5 | Noticed a caustic shrike
 67885 | Depths:5 | Noticed a caustic shrike
 67906 | Depths:4 | Killed a caustic shrike
 68101 | Depths:3 | Killed a caustic shrike
 68107 | Depths:3 | Killed a caustic shrike
 68107 | Depths:3 | Reached skill level 15 in Maces & Flails
 68109 | Depths:3 | Killed a caustic shrike
 68427 | Depths:5 | Killed a caustic shrike
 69279 | Depths:5 | Learned a level 5 spell: Alistair's Intoxication
 69286 | Depths:5 | Learned a level 6 spell: Invisibility
 69542 | Depths:5 | Found a gate to the Realm of Zot.
 69821 | Vaults:1 | Entered Level 1 of the Vaults
 69821 | Vaults:1 | Found Zetel's Jewellery Shop.
 70206 | Vaults:1 | Found a runed translucent gate.
 70206 | Vaults:1 | Found a runed translucent gate.
 70206 | Vaults:1 | Found a runed translucent gate.
 70206 | Vaults:1 | Noticed Unumoig's ghost (adept DrWn)
 70562 | Swamp:3  | Killed Faethron's ghost
 70623 | Swamp:3  | Got a faintly glowing lapis lazuli ring
 70627 | Swamp:3  | Identified the ring of Fatigue {Fire +Blink rPois MR-
                  | Int+8} (You found it on level 3 of the Swamp)
 70635 | Swamp:3  | Got a heavily runed ring mail
 70640 | Swamp:3  | Identified the cursed +0 ring mail of Kept {rElec MR-
                  | Int+7} (You found it on level 3 of the Swamp)
 70896 | Shoals:4 | Reached skill level 15 in Spellcasting
 70980 | Shoals:4 | Killed p0werm0de's ghost
 70987 | Shoals:4 | Got a pitted diamond amulet
 70993 | Shoals:4 | Identified the amulet of Nesa {MR+ Regen+ Stlth+} (You
                  | found it on level 4 of the Shoals)
 71150 | Shoals:4 | Identified the +1 shortbow of the Moth {venom, rC+ rN+ MR+}
 71159 | Shoals:4 | Reached skill level 15 in Armour
 71159 | Shoals:4 | Reached skill level 15 in Shields
 71159 | Shoals:4 | Reached skill level 15 in Evocations
 71729 | Shoals:4 | Got an ancient fustibalus
 71732 | Shoals:4 | Identified the cursed +1 fustibalus of Slow Death {vorpal,
                  | Int+4 Dex+3} (You found it on level 4 of the Shoals)
 72454 | Vaults:1 | Reached skill level 16 in Invocations
 72773 | Vaults:1 | Acquired 770 gold pieces
 73068 | Vaults:1 | Got a pair of bloodstained boots
 73071 | Vaults:1 | Identified the +1 pair of boots "Zeasmyno" {rPois rC+
                  | Int+3} (You found it on level 1 of the Vaults)
 73118 | Vaults:1 | Reached XP level 23. HP: 180/180 MP: 42/42
 73323 | Vaults:1 | Found a radiant altar of Vehumet.
 73719 | Vaults:1 | Noticed Asterion
 73733 | Vaults:1 | Killed Asterion
 73749 | Vaults:1 | Reached skill level 15 in Fighting
 73749 | Vaults:1 | Reached skill level 15 in Short Blades
 73749 | Vaults:1 | Reached skill level 15 in Long Blades
 73749 | Vaults:1 | Reached skill level 15 in Axes
 73749 | Vaults:1 | Reached skill level 15 in Polearms
 73749 | Vaults:1 | Reached skill level 15 in Staves
 73749 | Vaults:1 | Reached skill level 15 in Slings
 73749 | Vaults:1 | Reached skill level 15 in Bows
 73749 | Vaults:1 | Reached skill level 15 in Crossbows
 73749 | Vaults:1 | Reached skill level 15 in Throwing
 73749 | Vaults:1 | Reached skill level 15 in Dodging
 73749 | Vaults:1 | Reached skill level 15 in Stealth
 73749 | Vaults:1 | Reached skill level 15 in Unarmed Combat
 74285 | Vaults:2 | Noticed Mara
 74412 | Vaults:2 | Noticed CypherZel's illusion
 74845 | Vaults:1 | Noticed CypherZel's illusion
 75030 | Vaults:1 | Noticed CypherZel's illusion
 75047 | Vaults:1 | Killed Mara
 75242 | Vaults:2 | Noticed Saint Roka
 75450 | Vaults:2 | Killed Saint Roka
 76902 | Vaults:2 | Learned a level 7 spell: Spellforged Servitor
 76910 | Vaults:2 | Learned a level 7 spell: Orb of Destruction
 76917 | Vaults:2 | Learned a level 6 spell: Iron Shot
 77044 | Vaults:2 | You fall into a shaft and drop 2 floors!
 77582 | Vaults:2 | Found Wodirph's Weapon Boutique.
 79155 | Vaults:3 | Reached XP level 24. HP: 172/189 MP: 13/42
 79577 | Vaults:3 | Found a staircase to the Crypt.
 82535 | Vaults:4 | Found a shimmering altar of Xom.
 82538 | Vaults:4 | Noticed Margery
 82542 | Vaults:4 | Killed Margery
 82645 | Vaults:4 | Reached skill level 17 in Invocations
 82920 | Vaults:4 | Found a runed translucent door.
 82930 | Vaults:4 | Noticed Vahuasasm's ghost (veteran GrGl)
 82943 | Vaults:4 | Killed Vahuasasm's ghost
 83717 | Vaults:5 | Entered Level 5 of the Vaults
 83725 | Vaults:5 | Noticed Boris
 83737 | Vaults:5 | Noticed an ancient lich
 83741 | Vaults:5 | Killed Boris
 83741 | Vaults:5 | Reached XP level 25. HP: 54/197 MP: 24/43
 84033 | Vaults:4 | Killed an ancient lich
 85080 | Vaults:5 | Noticed Mennas
 85430 | Vaults:4 | Killed Mennas
 86527 | Vaults:5 | Noticed a shard shrike
 86527 | Vaults:5 | a caustic shrike changed into a shard shrike
 86528 | Vaults:5 | a shard shrike changed into a titan
 86923 | Vaults:4 | Reached skill level 15 in Translocations
 87593 | Vaults:5 | Got a scorched wooden ring
 87679 | Vaults:5 | Identified the ring "Cipupt" {Ice +Blink Str+2} (You found
                  | it on level 5 of the Vaults)
 87802 | Vaults:5 | Got an encrusted hunting sling
 87805 | Vaults:5 | Identified the +11 hunting sling "Jefruoca" {flame, Str+4}
                  | (You found it on level 5 of the Vaults)
 87840 | Vaults:5 | Got a translucent crystal plate armour
 87843 | Vaults:5 | Identified the +8 crystal plate armour "Marph" {Rampage
                  | +Fly MR++ Dex+4} (You found it on level 5 of the Vaults)
 87936 | Vaults:5 | Got a shimmering hand crossbow
 87939 | Vaults:5 | Identified the +5 hand crossbow "Pidghocs" {penet, Int+3}
                  | (You found it on level 5 of the Vaults)
 88096 | Vaults:5 | Got a silver rune of Zot
 88512 | Vaults:5 | Identified the Reference Book on Flight and the Traveller
 89041 | Elf:1    | Entered Level 1 of the Elven Halls
 89773 | Elf:1    | Found a runed translucent gate.
 89773 | Elf:1    | Found a runed translucent gate.
 89773 | Elf:1    | Found a runed translucent gate.
 89773 | Elf:1    | Found a runed translucent gate.
 89773 | Elf:1    | Found a runed translucent gate.
 89774 | Elf:1    | Found a runed translucent gate.
 90010 | Elf:1    | Lost mutation: You are resistant to hostile enchantments.
                  | (MR+) [potion of mutation]
 90010 | Elf:1    | Lost mutation: Potions are less effective at restoring your
                  | health. [potion of mutation]
 90028 | Elf:1    | Found Fivvozum's Jewellery Shoppe.
 90503 | Elf:1    | Reached XP level 26. HP: 204/206 MP: 40/43
 91651 | Elf:1    | Reached skill level 18 in Invocations
 92135 | Elf:2    | Found a runed translucent gate.
 92135 | Elf:2    | Found a runed translucent gate.
 92135 | Elf:2    | Found a runed translucent gate.
 92389 | Elf:2    | Gained mutation: Scrolls take you longer to read.
                  | [mutagenic glow]
 92568 | Elf:2    | Gained mutation: You are frail. (-10% HP) [mutagenic glow]
 92932 | Elf:3    | Entered Level 3 of the Elven Halls
 93942 | Elf:3    | Identified the amulet of Democracy {RegenMP Slay+3}
 94042 | Elf:3    | Identified the +4 plate armour of Futuristic Knowledge
                  | {Regen+ Dex+4}
 94107 | Elf:3    | Identified the cursed +2 falchion of the Madman {drain, rC+
                  | Str-4 Int+5}
 94144 | Elf:3    | Got a coiled copper ring
 94152 | Elf:3    | Identified the ring of Foadus {rN+ Str-4 Dex+8 Slay+3} (You
                  | found it on level 3 of the Elven Halls)
 94156 | Elf:3    | Got a pair of distressingly furry boots
 94159 | Elf:3    | Identified the cursed +0 pair of boots "Maot" {rPois MP+9
                  | Int+3 Dex-2} (You found it on level 3 of the Elven Halls)
 94210 | Elf:3    | Got a translucent platinum amulet
 94214 | Elf:3    | Identified the amulet "Huitra" {Inacc rN+} (You found it on
                  | level 3 of the Elven Halls)
 94224 | Elf:3    | Identified the Volume of Toxic Snow
 94921 | Slime:1  | Entered Level 1 of the Pits of Slime
 95306 | Slime:1  | Gained mutation: Your body sometimes deteriorates upon
                  | taking damage. [a shining eye]
100800 | Slime:4  | Reached XP level 27. HP: 192/193 MP: 16/44
100802 | Slime:4  | Reached skill level 15 in Transmutations
102090 | Slime:5  | Entered Level 5 of the Pits of Slime
102129 | Slime:5  | Paralysed by a floating eye for 2 turns
102150 | Slime:5  | Noticed the Royal Jelly
102158 | Slime:5  | Gained mutation: Your magical capacity is low. (-10% MP) [a
                  | shining eye]
102164 | Slime:5  | Gained mutation: You are occasionally teleported next to
                  | monsters. [a shining eye]
102188 | Slime:5  | Killed the Royal Jelly
102188 | Slime:5  | Reached skill level 15 in Conjurations
102188 | Slime:5  | Reached skill level 15 in Hexes
102188 | Slime:5  | Reached skill level 15 in Summonings
102188 | Slime:5  | Reached skill level 15 in Necromancy
102188 | Slime:5  | Reached skill level 15 in Fire Magic
102188 | Slime:5  | Reached skill level 15 in Ice Magic
102188 | Slime:5  | Reached skill level 15 in Air Magic
102188 | Slime:5  | Reached skill level 15 in Earth Magic
102188 | Slime:5  | Reached skill level 15 in Poison Magic
102856 | Slime:5  | Paralysed by a floating eye for 4 turns
102858 | Slime:5  | HP: 6/193 [death ooze[the Royal Jelly] (11)]
102859 | Slime:5  | HP: 2/193 [azure jelly[the Royal Jelly] (4)]
102859 | Slime:5  | Slain by an azure jelly

Illustrated notes

Levels and vault maps discovered:
D:1:      minmay_arrival_semitransparent, layout_rooms,
          minmay_shallow_snake_nest
D:2:      layout_loops_ring
D:3:      corexii_shack_village, layout_rooms
D:4:      layout_gridville, temple_green, chequers_mini_garden,
          hangedman_decor_slide_cut, minmay_misc_feat_roman
D:5:      layout_loops_cross, roderic_roman_lattice
D:6:      layout_gridville, old_standard_altar
D:7:      old_forge, layout_basic, elyvilon_altar_4, uniq_harold
D:8:      layout_rooms, lair_entry_dummy, minmay_between, uniq_pikel
D:9:      layout_roguey, david_orc_4
D:10:     layout_loops_ring, minivault_25
D:11:     layout_small_grid, enter_trove_6, grunt_ministairs_13
D:12:     layout_cave_pools, uniq_sonja
D:13:     layout_roguey, lightli_vaults_fourway_checkpoint
D:14:     layout_loops_corners, serial_park_square2, kennysheep_diamond,
          uniq_snorg, uniq_frances
D:15:     grunt_enter_depths_hoard, layout_cave_pools, nrook_uturn,
          grunt_guarded_unrand_obsidian_axe
Temple:   minmay_crystal_snake_temple
Lair:1:   lemuel_slime, layout_regular_city, uniq_gastronok, uniq_joseph
Lair:2:   layout_gridlike, nicolae_swamp_entry_splash_gauntlet
Lair:3:   statuecave_lemuel, layout_regular_city, elwin_shoals_entry_rocks,
          lemuel_fruit_tree, serial_bayou_shore_a
Lair:4:   layout_regular_city
Lair:5:   regret_index_combs_of_tragedy, layout_regular_city, st_stairs_8,
          uniq_urug
Lair:6:   cheibrodos_lair_end_hotspot, layout_regular_city, slime_altar_1
Swamp:1:  layout_basic_swamp, evilmike_swamp_ruin_rubble_1, swamp_pool5
Swamp:2:  layout_basic_swamp, hangedman_swamp_diagram, uniq_donald
Swamp:3:  layout_basic_swamp, gammafunk_ghost_berserking_beasts,
          nicolae_swamp_godswood
Swamp:4:  swamp_alternative, layout_basic_swamp, swamp_pool5,
          infiniplex_staircase_pool, uniq_aizul
Shoals:1: layout_shoals, portal_ice_cave_entry_ice_statue_one,
          nicolae_shoals_drake_roost
Shoals:2: layout_shoals, nicolae_shoals_so_close
Shoals:3: layout_shoals
Shoals:4: shoals_end_hangedman, layout_shoals, gammafunk_ghost_berserking_beasts
Slime:1:  layout_caves
Slime:2:  layout_caves
Slime:3:  layout_caves
Slime:4:  layout_caves
Slime:5
Orc:1:    gammafunk_beogh_shrine, layout_caves, serial_shops,
          nicolae_shop_stone, uniq_erolcha
Orc:2:    st_orc_pillars, layout_diamond_mine, basic_altar
Elf:1:    eino_elf_arrival_shootout, layout_geoelf_grid, serial_shops,
          nicolae_shop_statue_plus, orc_legates, grunt_megastairs_3
Elf:2:    layout_loops_cross
Elf:3:    minmay_elf_hall_x, layout_geoelf_octagon, serial_sigils,
          serial_sigils_hangedman_snap, serial_sigils_hangedman_shear,
          serial_sigils_hangedman_shear, serial_sigils_hangedman_leer,
          hangedman_elf_simple_split
Vaults:1: gammafunk_vaults_ghost_necromancy, ontoclasm_vaults_claustrophobia,
          ontoclasm_vaults_gateway, vaults_dpeg_ring, v_misc_5, v_misc_27,
          grunt_tower_of_power, vaults_mumra_minichess_inversion,
          v_alt_pattern_6, nicolae_vaults_little_squares_1,
          nicolae_vaults_little_squares_1, dpeg_vaults_monster_box,
          hangedman_vaults_trim, vaults_dpeg_encased_lava, layout_vaults_ring,
          serial_shops, shop, uniq_asterion
Vaults:2: nicolae_vaults_little_squares_4, v_pattern_5, grunt_vaults_funnel,
          hangedman_vaults_snaps, vaults_room_grid, grunt_vaults_hallway_short,
          vaults_room_door_hall, special_room_vaults [special_room_orc],
          layout_vaults_big_room, serial_shops, shop, uniq_saint_roka, uniq_mara
Vaults:3: v_misc_23, vaults_room_octagon, v_misc_23, vaults_mumra_chevron_long,
          nicolae_vaults_theta, st_cells, nicolae_vaults_circle_grid_b,
          minmay_crypt_entry_simple_round, vaults_dpeg_diagonal,
          ontoclasm_vaults_twist, v_misc_2, nicolae_vaults_gold_heap,
          layout_vaults_quadrants
Vaults:4: gammafunk_vaults_ghost_grave, vaults_room_door_hall,
          hangedman_vaults_restitches, vaults_standard_mumra_lines,
          nicolae_vaults_minivaults, nicolae_vaults_inception_scallops,
          hangedman_vaults_variations, nicolae_vaults_windows_and_doors_thing,
          vaults_room_door_hall, grunt_vaults_hallway_long,
          nicolae_vaults_little_squares_6, layout_vaults_omnibox, basic_altar,
          uniq_margery
Vaults:5: serial_shops, uniq_boris, uniq_mennas
Depths:1: layout_gridville, abyss_entry_crystal, grunt_hell_entry_dis_grunt,
          kennysheep_flooded_box, statue_in_the_mist_lemuel,
          kennysheep_minor_cross, kennysheep_generic_room_13
Depths:2: kennysheep_water_balloons, layout_cave_pools,
          hangedman_abyss_entry_splay, moated_statue, hell_entry,
          minmay_misc_feat_hallway, lemuel_flamethrower_2,
          infiniplex_staircase_zigzag_1, serial_bayou_shore_b, uniq_sojobo,
          uniq_bai_suzhen
Depths:3: grunt_house_of_mirrors, layout_gridlike, enter_ziggurat_f,
          grunt_pan_entry_in_and_out, pf_dread_powers_of_hell,
          minmay_misc_feat_enclosed, special_room [special_room_morgue]
Depths:4: kennysheep_snake, layout_cave_shapes, skrybe_limestone_x,
          marbit_kobold_abyss_entry, grunt_metal_band, evilmike_butchery,
          infiniplex_staircase_pillars_2, serial_bayou_shore_b
Depths:5: grunt_bruiser_brothers, layout_gridlike,
          abyss_entry_small_statue_room, pan_entry, hell_entry, serial_bayou,
          serial_bayou_ford_a, serial_bayou_pond_e, serial_bayou_pond_d,
          serial_bayou_lagoon_a, minmay_variable_closet

Skill      XL: |  1  2  3  4  5  6  7  8  9 10 11 12 13 14 15 16 17 18 19 20 21 22 23 24 25 26 27 |
---------------+----------------------------------------------------------------------------------+-----
Transmutations | 2 3 4 5 6 7 8 9 10 11 12 13 14 15 | 15.1
Invocations    | 1 2 3 4 5 6 7 8 9 10 11 12 13 14 15 16 17 18 | 18.7
Fighting       | 1 2 3 5 6 7 8 9 10 11 12 13 14 15 16 17 | 17.4
Short Blades   | 1 2 3 5 6 7 8 9 10 11 12 13 14 15 16 17 | 17.4
Long Blades    | 1 2 3 5 6 7 8 9 10 11 12 13 14 15 16 17 | 17.4
Axes           | 1 2 3 5 6 7 8 9 10 11 12 13 14 15 16 17 | 17.4
Polearms       | 1 2 3 5 6 7 8 9 10 11 12 13 14 15 16 17 | 17.4
Staves         | 1 2 3 5 6 7 8 9 10 11 12 13 14 15 16 17 | 17.4
Slings         | 1 2 3 5 6 7 8 9 10 11 12 13 14 15 16 17 | 17.4
Bows           | 1 2 3 5 6 7 8 9 10 11 12 13 14 15 16 17 | 17.4
Crossbows      | 1 2 3 5 6 7 8 9 10 11 12 13 14 15 16 17 | 17.4
Throwing       | 1 2 3 5 6 7 8 9 10 11 12 13 14 15 16 17 | 17.4
Dodging        | 1 2 3 5 6 7 8 9 10 11 12 13 14 15 16 17 | 17.4
Stealth        | 1 2 3 5 6 7 8 9 10 11 12 13 14 15 16 17 | 17.4
Unarmed Combat | 1 2 3 5 6 7 8 9 10 11 12 13 14 15 16 17 | 17.4
Spellcasting   | 3 4 5 6 7 8 9 10 11 12 13 14 15 16 17 | 17.5
Conjurations   | 1 2 3 4 5 6 7 8 9 10 11 12 13 14 15 | 15.0
Hexes          | 1 2 3 4 5 6 7 8 9 10 11 12 13 14 15 | 15.0
Summonings     | 1 2 3 4 5 6 7 8 9 10 11 12 13 14 15 | 15.0
Necromancy     | 1 2 3 4 5 6 7 8 9 10 11 12 13 14 15 | 15.0
Fire Magic     | 1 2 3 4 5 6 7 8 9 10 11 12 13 14 15 | 15.0
Ice Magic      | 1 2 3 4 5 6 7 8 9 10 11 12 13 14 15 | 15.0
Air Magic      | 1 2 3 4 5 6 7 8 9 10 11 12 13 14 15 | 15.0
Earth Magic    | 1 2 3 4 5 6 7 8 9 10 11 12 13 14 15 | 15.0
Poison Magic   | 1 2 3 4 5 6 7 8 9 10 11 12 13 14 15 | 15.0
Armour         | 3 4 5 6 7 8 9 10 11 12 13 14 15 16 17 | 17.5
Shields        | 3 4 5 6 7 8 9 10 11 12 13 14 15 16 17 | 17.5
Evocations     | 3 4 5 6 7 8 9 10 11 12 13 14 15 16 17 | 17.5
Maces & Flails | 5 6 7 8 9 10 11 12 13 14 15 16 17 | 17.8
Translocations | 6 7 8 9 10 11 12 13 14 15 | 15.7

Action                   |  1- 3 |  4- 6 |  7- 9 | 10-12 | 13-15 | 16-18 | 19-21 | 22-24 | 25-27 || total
-------------------------+-------+-------+-------+-------+-------+-------+-------+-------+-------++-------
Melee: Mace              |    81 |   173 |       |       |       |       |       |       |       ||   254
       Bite              |     7 |    21 |    24 |    31 |   130 |   221 |   445 |   379 |   222 ||  1480
       Punch             |       |     2 |     4 |       |       |       |       |       |       ||     6
       Whip              |       |    34 |       |       |       |       |       |       |       ||    34
       Rapier            |       |     1 |   218 |   316 |  1058 |   871 |   630 |  1017 |   903 ||  5014
       Broad axe         |       |       |       |       |       |   195 |       |       |       ||   195
       Quick blade       |       |       |       |       |       |       |   910 |   544 |    98 ||  1552
       Long sword        |       |       |       |       |       |       |    27 |       |       ||    27
 Fire: Hunting sling     |       |     8 |       |       |       |       |       |       |    19 ||    27
Throw: Stone             |     4 |       |     3 |       |     2 |       |       |       |       ||     9
       Dart              |       |    42 |    59 |    64 |    87 |   126 |    10 |     1 |       ||   389
       Javelin           |       |       |       |       |       |    32 |       |       |       ||    32
 Cast: Animate Skeleton  |       |       |       |    11 |     4 |       |       |       |       ||    15
       Swiftness         |       |       |       |     6 |     9 |     1 |     2 |     2 |       ||    20
       Corona            |       |       |       |    18 |    16 |       |       |       |       ||    34
       Blink             |       |       |       |       |    24 |    60 |    28 |    13 |    33 ||   158
       Mephitic Cloud    |       |       |       |       |   120 |   143 |    96 |     7 |       ||   366
       Lightning Bolt    |       |       |       |       |    20 |    38 |    71 |    38 |    74 ||   241
       Summon Ice Beast  |       |       |       |       |       |    60 |     6 |     1 |       ||    67
       Hailstorm         |       |       |       |       |       |    36 |    21 |       |       ||    57
       Confusing Touch   |       |       |       |       |       |    19 |    51 |    30 |     6 ||   106
       Alistair's Intoxi |       |       |       |       |       |       |       |   238 |    98 ||   336
       Freezing Cloud    |       |       |       |       |       |       |       |    38 |    56 ||    94
       Invisibility      |       |       |       |       |       |       |       |     4 |    10 ||    14
       Spellforged Servi |       |       |       |       |       |       |       |    15 |    23 ||    38
       Iron Shot         |       |       |       |       |       |       |       |     4 |    11 ||    15
       Orb of Destructio |       |       |       |       |       |       |       |     3 |    16 ||    19
Invok: Upheaval          |       |       |       |     7 |    13 |    31 |    25 |     2 |       ||    78
       Elemental Force   |       |       |       |       |     4 |     2 |     1 |     2 |     1 ||    10
       Disaster Area     |       |       |       |       |       |     2 |     2 |     4 |     1 ||     9
 Abil: Evoke Flight      |       |       |       |     1 |       |    16 |       |       |       ||    17
Evoke: Wand              |       |       |     6 |     9 |    34 |    39 |     4 |     2 |     3 ||    97
       Tin of tremorston |       |       |       |     2 |     2 |     2 |     6 |       |     3 ||    15
       Box of beasts     |       |       |       |       |     1 |       |     2 |       |     1 ||     4
       Lightning rod     |       |       |       |       |       |       |       |       |     9 ||     9
       Condenser vane    |       |       |       |       |       |       |       |       |     2 ||     2
  Use: Scroll            |     7 |     8 |     9 |    11 |    10 |    28 |    13 |    22 |    25 ||   133
       Potion            |     1 |     3 |     5 |     4 |     9 |    11 |     2 |     1 |     8 ||    44
 Stab: Invisible         |       |       |     5 |       |     5 |       |       |     1 |    38 ||    49
       Held in net/web   |       |       |     2 |       |       |       |       |       |       ||     2
       Paralysed         |       |       |     1 |     5 |     2 |     7 |     1 |       |       ||    16
       Confused          |       |       |       |       |    74 |   103 |   160 |   190 |    64 ||   591
       Distracted        |       |       |       |       |     1 |     2 |     1 |     2 |     3 ||     9
Armor: Robe              |     4 |       |       |       |       |       |       |       |       ||     4
       Leather armour    |    15 |     5 |       |       |       |       |       |       |       ||    20
       Ring mail         |       |    52 |       |       |    46 |   215 |   193 |    90 |   177 ||   773
       Skin              |       |     4 |     2 |       |       |       |       |       |       ||     6
       Scale mail        |       |       |    79 |    72 |   158 |       |       |       |       ||   309
       Chain mail        |       |       |       |    35 |       |       |       |       |       ||    35
Dodge: Dodged            |    42 |   120 |    84 |   103 |   432 |   497 |   440 |   274 |   439 ||  2431
       Repelled          |       |       |       |       |     7 |    24 |    15 |     8 |    40 ||    94
Block: Other             |       |       |     9 |       |       |       |       |       |       ||     9
       Buckler           |       |       |     3 |   184 |   447 |       |       |       |       ||   634
       Reflection        |       |       |     1 |     5 |       |       |       |       |       ||     6
       Tower shield      |       |       |       |       |   208 |  1409 |  1251 |  1104 |  1146 ||  5118

Table legend: (Time is in decaauts)
 A = Elapsed time spent in this place.
 B = Non-inter-level travel time spent in this place.
 C = Inter-level travel time spent in this place.
 D = Time resting spent in this place.
 E = Time spent auto-exploring this place.
 F = Levels seen in this place.
 G = Mean time per level.
                   A        B        C        D        E       F      G
               +--------+--------+--------+--------+--------+-----+--------+
         Total | 104852 |  96764 |   8088 |  39477 |  33435 |  51 | 2055.9 |
       Dungeon |  20936 |  18180 |   2756 |   6127 |   7577 |  15 | 1395.7 |
        Temple |    222 |    156 |     66 |      0 |    153 |   1 |  222.0 |
          Lair |  15951 |  14120 |   1831 |   6095 |   4674 |   6 | 2658.5 |
         Swamp |   6560 |   6054 |    506 |   2226 |   2419 |   4 | 1640.0 |
        Shoals |   9278 |   8496 |    782 |   3493 |   2452 |   4 | 2319.5 |
    Slime Pits |   7803 |   7654 |    149 |   5275 |   1101 |   5 | 1560.6 |
  Orcish Mines |   4085 |   3665 |    420 |   1130 |    994 |   2 | 2042.5 |
   Elven Halls |   5706 |   5380 |    326 |   1644 |   2442 |   3 | 1902.0 |
        Vaults |  16589 |  16024 |    565 |   5987 |   6434 |   5 | 3317.8 |
        Depths |  16290 |  15606 |    684 |   6677 |   5161 |   5 | 3258.0 |
      Ice Cave |   1426 |   1426 |      0 |    819 |     25 |   1 | 1426.0 |
               +--------+--------+--------+--------+--------+-----+--------+

Top non-repeatable levels by time:
Vaults:4: 4819 daAuts
Depths:3: 4798 daAuts
Depths:2: 4563 daAuts
Vaults:3: 4111 daAuts
  Lair:5: 3725 daAuts
Vaults:1: 3714 daAuts
Shoals:2: 3245 daAuts
  Lair:3: 3111 daAuts
   Elf:1: 2794 daAuts
Depths:4: 2747 daAuts
  Lair:6: 2576 daAuts
Depths:1: 2541 daAuts
Shoals:3: 2506 daAuts
    D:14: 2476 daAuts
  Lair:1: 2476 daAuts
